 Dungeon Crawl Stone Soup version 0.17.0-15-g6d90897 (webtiles) character file.

79 dorian the Chucker (level 4, 0/48 HPs)
             Began as an Ogre Hunter on Nov 10, 2015.
             Slain by septik's ghost (13 damage)
             ... on level 3 of the Dungeon.
             The game lasted 00:04:55 (1753 turns).

dorian the Chucker (Ogre Hunter)                    Turns: 1753, Time: 00:04:55

Health: 0/48       AC:  4    Str: 18    XL:     4   Next: 37%
Magic:  13/13      EV:  5    Int: 10    God:
Gold:   74         SH:  0    Dex: 10    Spells: 0 memorised, 3 levels left

rFire  . . .     SeeInvis .     t - +0 mace
rCold  + . .     Clarity  .     d - +0 robe
rNeg   . . .     SustAt   .     (no shield)
rPois  .         Gourm    .     (helmet restricted)
rElec  .         Spirit   .     h - +0 cloak
rCorr  .         Warding  .     (gloves unavailable)
rMut   +         Stasis   .     (boots unavailable)
MR     .....                    r - amulet of resist mutation
Stlth  +.........               q - ring of protection from cold
                                j - ring of magical power

@: not resistant to hostile enchantments, very unstealthy
A: unfitting armour, tough skin 1
a: no special abilities


You were on level 3 of the Dungeon.
You were not hungry.

You visited 1 branch of the dungeon, and saw 3 of its levels.

You collected 74 gold pieces.

Inventory:

Hand Weapons
 c - a +0 short sword
 l - a +0 club
 m - a +0 whip
 t - a +0 mace (weapon)
Missiles
 p - 6 javelins (quivered)
Armour
 d - a +0 robe (worn)
 h - a +0 cloak (worn)
Jewellery
 j - a ring of magical power (left hand)
 q - a ring of protection from cold (right hand)
 r - an amulet of resist mutation (around neck)
Scrolls
 g - a scroll of enchant weapon {unknown}
 i - a scroll of remove curse {unknown}
 n - a scroll of amnesia {unknown}
 u - a scroll of identify {unknown}
Potions
 f - a potion of heal wounds {unknown}
 k - a potion of mutation {unknown}
 o - a potion of brilliance {unknown}
Comestibles
 e - a bread ration
 s - a meat ration
 v - 2 chunks of flesh


   Skills:
 + Level 4.2 Fighting
 + Level 2.1 Maces & Flails
 + Level 4.7 Throwing
 - Level 1.7 Dodging
 - Level 0.7 Stealth


You had 3 spell levels left.
You didn't know any spells.

Dungeon Overview and Level Annotations

Branches:
Dungeon (3/15)

Altars:

Annotations:
D:3 septik's ghost, amateur GrFi


Innate Abilities, Weirdness & Mutations

You are too large for most types of armour.
You have tough skin (AC +1).


Message History

Throwing (i - inventory):
p - 7 javelins (quivered)
Press: ? - help, Shift-Dir - straight line, f/p - septik's ghost
Aim: septik's ghost (moderately damaged)
You throw a javelin.
The javelin completely misses septik's ghost.
The javelin hits the plant but does no damage.
Septik's ghost hits you.
* * * LOW HITPOINT WARNING * * *
Quiver which item? (- for none, * to show all) (? for menu, Esc to quit)
Okay, then.
There is an open door here.
Septik's ghost shrieks, "Death is your only future!"
Septik's ghost keens inconsolably.
Septik's ghost says, "They'll have to sweep you off the floor after I'm finished with you!"
There is a stone staircase leading up here.
The orc shouts! x2
The orc hits you with a trident.
* * * LOW HITPOINT WARNING * * *
Septik's ghost hits you!
You die...

...........##..♣P ♣♣..P♣..
.........(.#.... ♣..P♣P..
.......o...♣.. ....♣P....
........♣P♣....P.......
######.....P.♣♣.P....###..
..........o..♣ ......#.'..
######.......♣♣..P...###..
#####o.♣P.♣.........P
#@.P.♣P.♣P.P..P..(
#W.♣♣.PP..P.PP..P(
#...P♣....P##PPP.#
#......#...#....#.
.#####..#######...#####
........# ######...
#######.# #.). #.# ###...
#.# #.'...


You could see septik's ghost and 2 orcs.

Vanquished Creatures
  Ijyb (D:3)
  An adder (D:3)
  A worm (D:2)
  4 giant geckos (D:2)
  4 giant cockroaches
  5 goblins
  3 hobgoblins
  2 jackals (D:3)
  4 kobolds (D:2)
  A ball python (D:2)
  3 bats
  2 giant newts (D:1)
  6 rats
  A plant (D:3)
38 creatures vanquished.

Notes
Turn   | Place    | Note
--------------------------------------------------------------
     0 | D:1      | dorian the Ogre Hunter began the quest for the Orb.
     0 | D:1      | Reached XP level 1. HP: 22/22 MP: 1/1
   341 | D:1      | Reached XP level 2. HP: 26/31 MP: 2/2
   453 | D:1      | You fall through a shaft!
   673 | D:2      | Reached XP level 3. HP: 39/39 MP: 3/3
  1201 | D:2      | Reached skill level 1 in Maces & Flails
  1562 | D:3      | Noticed Ijyb
  1568 | D:3      | Killed Ijyb
  1568 | D:3      | Reached XP level 4. HP: 34/48 MP: 4/4
  1702 | D:3      | Noticed septik's ghost (amateur GrFi)
  1753 | D:3      | Slain by septik's ghost

Action                   |  1- 3 |  4- 6 || total
-------------------------+-------+-------++-------
Melee: Short sword       |    30 |       ||    30
       Whip              |    83 |       ||    83
       Club              |    13 |       ||    13
       Mace              |    22 |    27 ||    49
Throw: Javelin           |    16 |     1 ||    17
       Large rock        |       |     5 ||     5
       Throwing net      |       |     2 ||     2
 Stab: Sleeping          |     1 |       ||     1
  Eat: Chunk             |     2 |     1 ||     3
